 Dungeon Crawl Stone Soup version 0.23-a0-169-gb21e695 (console) character file.

2683 TAS2012 the Martial Artist (level 9, -7/69 HPs)
             Began as a Purple Draconian Transmuter on Aug 31, 2018.
             Was an Initiate of Cheibriados.
             Mangled by a two-headed ogre
             ... wielding a +0 giant club
              (14 damage)
             ... on level 9 of the Dungeon on Sept 11, 2018.
             The game lasted 01:02:20 (9687 turns).

TAS2012 the Martial Artist (DrTm)                   Turns: 9687, Time: 01:02:21

Health: -7/69      AC: 10    Str: 11 (13) XL:     9   Next: 37%
Magic:  24/27      EV: 14    Int: 16 (17) God:    Cheibriados [......]
Gold:   374        SH:  0    Dex: 12 (14) Spells: 17/20 levels left

rFire    . . .     SeeInvis .     - Unarmed
rCold    + . .     Gourm    .   (no shield)
rNeg     . . .     Faith    .   (armour unavailable)
rPois    .         Spirit   .   (helmet restricted)
rElec    .         Reflect  .   (no cloak)
rCorr    .         Harm     .   (no gloves)
MR       +....                  d - +2 pair of boots
Stlth    ++........             C - amulet of regeneration
HPRegen  0.61/turn              l - ring of protection from cold
MPRegen  0.20/turn              F - ring of magical power

@: short of breath, appendage, very slow
A: breathe power, unfitting armour, horns 2, cold-blooded, AC +7
a: Breathe Dispelling Energy, End Transformation, Bend Time, Renounce Religion


You were on level 9 of the Dungeon.
You worshipped Cheibriados.
Cheibriados was noncommittal.
You were not hungry.
You had grown temporary horns.
You visited 2 branches of the dungeon, and saw 10 of its levels.

You collected 374 gold pieces.

Inventory:

Hand Weapons
 n - a +0 dagger of venom
 v - a +2 war axe of freezing
 x - a +0 dagger of holy wrath
 z - a +1 whip of freezing
Missiles
 a - 163 arrows
 f - 159 stones (quivered)
Armour
 d - a +2 pair of boots (worn)
 h - a +2 pair of boots
Jewellery
 l - a ring of protection from cold (left hand)
 C - an amulet of regeneration (around neck)
 F - a ring of magical power (right hand)
Wands
 e - a wand of iceblast (9)
 s - a wand of flame (55)
 t - a wand of paralysis (16)
 w - a wand of acid (21)
 E - a wand of scattershot (11)
 H - a wand of digging (21)
Scrolls
 b - 2 scrolls of remove curse
 g - a scroll of magic mapping {unknown}
 i - a scroll of enchant armour {unknown}
 j - 4 scrolls of amnesia {unknown}
 k - 3 scrolls of teleportation {unknown}
 m - a scroll of blinking {unknown}
 o - 3 scrolls of enchant weapon {unknown}
 q - 2 scrolls of random uselessness {unknown}
 r - 2 scrolls of immolation {unknown}
 y - 2 scrolls of fear {unknown}
Potions
 p - 3 potions of flight
 u - a potion of resistance {unknown}
 A - 2 potions of might {unknown}
 B - a potion of cancellation {unknown}
 D - a potion of invisibility {unknown}
 G - a potion of agility {unknown}
 I - 2 potions of degeneration
Comestibles
 c - 15 rations
 J - a chunk of flesh


   Skills:
 + Level 3.0 Fighting
 + Level 5.2 Dodging
 + Level 3.6 Stealth
 + Level 9.0 Unarmed Combat
 - Level 6.0 Spellcasting
 - Level 4.0 Transmutations
 + Level 1.7 Invocations


You had 17 spell levels left.
You knew the following spells:

 Your Spells              Type           Power        Failure   Level  Hunger
a - Beastly Appendage     Tmut           ###...       2%          1    None
b - Sticks to Snakes      Tmut           ###.....     4%          2    #......

Your spell library contained the following spells:

 Spells                   Type           Power        Failure   Level  Hunger
 Corona                   Hex            #......      14%         1    None
 Spider Form              Tmut/Pois      ##........   19%         3    ##.....
 Ensorcelled Hibernation  Hex/Ice        #.....       21%         2    #......
 Confuse                  Hex            #.......     38%         3    ##.....
 Dazzling Spray           Conj/Hex       #.....       38%         3    ##.....
 Tukima's Dance           Hex            #.......     38%         3    ##.....
 Ice Form                 Ice/Tmut       ##......     52%         4    ####...
 Blade Hands              Tmut           ###.......   58%         5    ######.


Dungeon Overview and Level Annotations

Branches:
Dungeon (9/15)             Temple (1/1) D:4
   Lair: D:8-11         Orc: D:9-12

Altars:
Ashenzari
Cheibriados
Dithmenos
Elyvilon
Fedhas
Hepliaklqana
Kikubaaqudgha
Makhleb
Nemelex Xobeh
Okawaru
Qazlal
Ru
Sif Muna
Trog
Uskayaw
Vehumet
Wu Jian
Xom
Yredelemnul
Zin
The Shining One

Shops:
D:7 =

Annotations:
D:5 1 runed door


Innate Abilities, Weirdness & Mutations

You can breathe bolts of dispelling energy.
Your rich purple scales are hard. (AC +7)
You cannot fit into any form of body armour.
You are cold-blooded and may be slowed by cold attacks.
You have a pair of horns on your head.


Message History

You hit the two-headed ogre but do no damage.
The two-headed ogre is lightly wounded.
You barely miss the two-headed ogre. You headbutt the two-headed ogre!
You The two-headed ogre is moderately wounded.
The two-headed ogre hits you with a giant club.
The two-headed ogre hits you with a giant club!
You barely miss the two-headed ogre.
The two-headed ogre is moderately wounded.
The two-headed ogre hits you with a giant club!
* * * LOW HITPOINT WARNING * * *
The two-headed ogre hits you with a giant club!
* * * LOW HITPOINT WARNING * * *
Okay, then.
Okay, then.
Okay, then.
It was a potion of degeneration.
There was something very wrong with that liquid.
You feel weakened.
You feel dopey.
You feel clumsy.
The two-headed ogre hits you with a giant club!
You die...

▒▒ ·▒
·▒▒▒▒◼▒▒▒▒
·▒▒▒▒
········▒
<·$·▒
▒·······▒
··?·▒
▒·······▒
······▒
◼·······▒
····▒·▒
▒·······▒
····▒ ▒
▒·······▒
····▒
▒···<@··▒
···!▒
▒···)O··▒
·▒▒▒▒
▒·······▒
▒
▒·······▒
▒▒▒▒▒'▒▒▒
▒····▒
▒'▒▒▒▒ ···
▒····
(·····
···▒···
···▒··· ··
▒···


You could see a two-headed ogre.

Vanquished Creatures
  Pikel (D:7)
  An orc warrior (D:8)
  An ice beast (D:5)
  2 sky beasts (D:5)
  2 necrophages
  2 ogres
  3 centaurs
  A big kobold (D:8)
  2 bullfrogs (D:6)
  3 scorpions
  2 howler monkeys (D:8)
  2 crimson imps
  2 centaur zombies
  5 orc priests
  A hound (D:6)
  A gnoll shaman (D:7)
  A jelly (D:5)
  An orc wizard (D:8)
  A centaur skeleton (D:7)
  2 iguanas
  5 worker ants
  Natasha (thrice) (D:4 D:6)
  A hound zombie (D:7)
  A hound skeleton (D:7)
  A howler monkey zombie (D:8)
  4 gnolls (D:7)
  5 adders
  2 shadow imps
  An adder zombie (D:7)
  A worm (D:2)
  2 leopard geckos
  12 orcs
  6 giant cockroaches
  4 goblins
  6 hobgoblins
  10 jackals
  A quokka (D:4)
  A bat (D:1)
  4 frilled lizards
  3 kobolds
  A leopard gecko skeleton (D:5)
  2 leopard gecko zombies (D:6)
  2 quokka skeletons (D:4)
  2 rats
116 creatures vanquished.

Vanquished Creatures (collateral kills)
  An ogre (D:6)
  An iguana (D:5)
  A worker ant (D:5)
3 creatures vanquished.

Vanquished Creatures (others)
  A slave (D:7)
  A gnoll (D:7)
  A worm (D:7)
3 creatures vanquished.

Grand Total: 122 creatures vanquished

Notes
Turn   | Place    | Note
-------+----------+-------------------------------------------
     0 | D:1      | TAS2012 the Draconian Transmuter began the quest for the
                  | Orb.
     0 | D:1      | Reached XP level 1. HP: 16/16 MP: 3/3
   307 | D:1      | Reached XP level 2. HP: 23/23 MP: 3/5
   539 | D:2      | Learned a level 2 spell: Sticks to Snakes
   918 | D:2      | Reached XP level 3. HP: 25/28 MP: 4/6
   988 | D:2      | Found a hazy altar of Hepliaklqana.
  1005 | D:2      | Found a blossoming altar of Fedhas.
  1028 | D:2      | Found a burning altar of Makhleb.
  1418 | D:3      | Reached skill level 4 in Unarmed Combat
  1418 | D:3      | Reached XP level 4. HP: 29/35 MP: 7/7
  2313 | D:4      | Found a staircase to the Ecumenical Temple.
  2329 | Temple   | Entered the Ecumenical Temple
  2538 | D:4      | Noticed Natasha
  2562 | D:4      | Killed Natasha
  2562 | D:4      | Reached skill level 5 in Unarmed Combat
  2562 | D:4      | Reached XP level 5. HP: 10/40 MP: 2/8
  2571 | D:4      | Noticed Natasha
  2578 | D:4      | HP: 2/40 [shadow imp/nerve-wracking pain[Natasha] (10)]
  2583 | D:4      | HP: 1/40 [white imp/puff of frost[Natasha] (1)]
  3465 | D:5      | Entered Level 5 of the Dungeon
  3797 | D:5      | Noticed a sky beast
  4015 | D:5      | Noticed an ogre
  4296 | D:5      | Killed a sky beast
  4296 | D:5      | Reached skill level 6 in Unarmed Combat
  4296 | D:5      | Reached XP level 6. HP: 24/47 MP: 2/9
  5186 | D:5      | Noticed an ice beast
  5247 | D:5      | Found a bloodstained altar of Trog.
  5252 | D:5      | Noticed a sky beast
  5256 | D:5      | Noticed an ice beast
  5319 | D:5      | Killed a sky beast
  5319 | D:5      | Your scales start taking on a rich purple colour.
  5319 | D:5      | Reached XP level 7. HP: 46/55 MP: 1/10
  5320 | D:5      | Upgraded the game from 0.23-a0-141-g456867d to
                  | 0.23-a0-169-gb21e695
  5540 | D:5      | Found a runed door.
  5859 | D:5      | Reached skill level 7 in Unarmed Combat
  6342 | D:6      | Reached XP level 8. HP: 61/61 MP: 9/11
  6383 | D:6      | Reached skill level 8 in Unarmed Combat
  6462 | D:6      | Killed Natasha
  6517 | D:6      | Found a basalt altar of Yredelemnul.
  6601 | D:6      | Found a shadowy altar of Dithmenos.
  6667 | D:6      | Noticed Natasha
  6771 | D:6      | Killed Natasha
  6923 | D:6      | Reached skill level 5 in Spellcasting
  7172 | D:6      | Found a sparkling altar of Nemelex Xobeh.
  7885 | D:7      | Reached skill level 1 in Stealth
  8051 | D:7      | Noticed Pikel
  8123 | D:7      | Killed Pikel
  8123 | D:7      | Reached skill level 5 in Dodging
  8123 | D:7      | Reached XP level 9. HP: 35/67 MP: 16/18
  8391 | D:7      | Found Ylaejepe's Jewellery Shop.
  8655 | D:7      | Found a snail-covered altar of Cheibriados.
  8668 | D:7      | Became a worshipper of Cheibriados the Contemplative
  8760 | D:8      | Reached skill level 1 in Invocations
  9352 | D:8      | Found an ancient bone altar of Kikubaaqudgha.
  9379 | D:8      | Found an ornate altar of the Wu Jian Council.
  9611 | D:9      | Reached skill level 9 in Unarmed Combat
  9673 | D:9      | Noticed a two-headed ogre
  9687 | D:9      | Mangled by a two-headed ogre

Vault maps used:
D:1:      dpeg_arrival_shrine
D:2:      lemuel_crystal_altar, fedhas_altar_3, bloody_makhleb
D:3:      minivault_27
D:4:      minmay_temple_entry_junction_2, first_ration, nrook_loot_triangle,
          uniq_natasha
D:5:      trog_three_pillars_becter, uniq_crazy_yiuf_cottage
D:6:      nicolae_overflow_crystal_walls, old_standard_altar,
          nemelex_altar_shiori
D:7:      cheibrodos_worm_habitat, serial_shops, shop, uniq_pikel
D:8:      lemuel_doored_altar, lemuel_crystal_altar, blue_anna_alchemist,
          hangedman_abyss_or_decor_slice
D:9:      nicolae_gozag_cash_rules_everything_around_me, lair_entry_dummy,
          basic_altar, uniq_harold
Temple:   nicolae_temple_figure_eight

Skill      XL: |  1  2  3  4  5  6  7  8  9 |
---------------+----------------------------+-----
Transmutations | 3 4 |  4.0
Unarmed Combat | 4 5 6 7 8 9 |  9.0
Dodging        | 3 4 5 |  5.2
Fighting       | 2 3 |  3.0
Spellcasting   | 6 |  6.0
Stealth        | 2 3 |  3.6
Invocations    | 1 |  1.7

Action                   |  1- 3 |  4- 6 |  7- 9 || total
-------------------------+-------+-------+-------++-------
Melee: Unarmed           |   103 |   140 |   263 ||   506
       Kick              |     5 |       |       ||     5
       Tailslap          |    13 |    17 |    38 ||    68
       Headbutt          |     8 |    19 |    33 ||    60
       Punch             |     1 |     4 |    10 ||    15
Throw: Stone             |    26 |    32 |    69 ||   127
 Cast: Beastly Appendage |    26 |    22 |    43 ||    91
       Sticks to Snakes  |       |    33 |     7 ||    40
Invok: Bend Time         |       |       |     2 ||     2
 Abil: Breathe Dispellin |       |       |    46 ||    46
  Use: Scroll            |     3 |       |     2 ||     5
       Potion            |       |     4 |     2 ||     6
 Stab: Distracted        |       |     1 |       ||     1
  Eat: Chunk             |     2 |     8 |    18 ||    28
       Ration            |       |     2 |     2 ||     4
Armor: Skin              |    32 |    40 |    79 ||   151
Dodge: Dodged            |    61 |    67 |   145 ||   273

Table legend:
 A = Non-vault XP
 B = Vault XP
 C = Vault XP percentage of total XP
 D = Non-vault monster count
 E = Vault monster count
 F = Vault count percentage of total count
                 A         B        C        D         E       F
            +---------+---------+-------+---------+---------+-------
      Total |    3093 |     740 |  19.3 |     116 |       3 |   2.5
            +---------+---------+-------+---------+---------+-------
        D:1 |      16 |       0 |   0.0 |       9 |       0 |   0.0
        D:2 |      47 |       0 |   0.0 |      12 |       0 |   0.0
        D:3 |      64 |       0 |   0.0 |      19 |       0 |   0.0
        D:4 |      90 |      28 |  23.7 |       8 |       1 |  11.1
        D:5 |     917 |       0 |   0.0 |      17 |       0 |   0.0
        D:6 |     942 |       0 |   0.0 |      25 |       0 |   0.0
        D:7 |     440 |     617 |  58.4 |      15 |       1 |   6.2
        D:8 |     464 |      95 |  17.0 |      10 |       1 |   9.1
        D:9 |     113 |       0 |   0.0 |       1 |       0 |   0.0
            +---------+---------+-------+---------+---------+-------
